 Seeded DCSS version 0.29.1-15-g9cfb28693d (webtiles) character file.

Game seed: 1019281591211795276 (custom seed)

12749 bmack86 the Cleaver (level 11, -8/99 HPs)
             Began as a Minotaur Fighter on Apr 12, 2023.
             Was a Priest of Okawaru.
             Mangled by a boulder beetle (21 damage)
             ... on level 11 of the Dungeon.
             The game lasted 00:26:16 (12753 turns).

bmack86 the Cleaver (Minotaur Fighter)             Turns: 12753, Time: 00:26:17

Health: -8/99      AC: 24    Str: 26    XL:     11   Next: 66%
Magic:  12/12      EV:  7    Int:  7    God:    Okawaru [***...]
Gold:   333        SH:  7    Dex: 18    Spells: 10/10 levels left

rFire   . . .      SeeInvis .   b - +1 broad axe "Deihoan" {pain, rN+ Int+2}
rCold   + . .      Faith    .   c - +0 buckler
rNeg    + . .      Spirit   .   D - +0 plate armour
rPois   .          Reflect  .   n - +2 hat
rElec   .          Harm     .   C - +1 cloak "Yckau" {+Blink rC+ Regen+}
rCorr   .          Rampage  .   (no gloves)
Will    .....                   o - +0 pair of boots of Resilience {+Blink Str+2 Dex+7}
Stlth   ..........              (no amulet)
HPRegen 1.06/turn               w - +4 ring of protection
MPRegen 0.13/turn               (no ring)

@: about to teleport
A: horns 2, retaliatory headbutt
a: Renounce Religion, Evoke Blink, Heroism


You were on level 11 of the Dungeon.
You worshipped Okawaru.
Okawaru was most pleased with you.
You visited 1 branch of the dungeon, and saw 11 of its levels.

You collected 564 gold pieces.
You spent 231 gold pieces at shops.

Inventory:

Hand Weapons
 b - the +1 broad axe "Deihoan" (weapon) {pain, rN+ Int+2}
   (You acquired it on level 10 of the Dungeon)

   In the hands of one skilled in necromantic magic, it inflicts extra damage on
   living creatures.
   Int:       It affects your intelligence (+2).
   rN:        It protects you from negative energy.
 i - a +2 vorpal war axe
 t - a +2 war axe of freezing
Missiles
 g - 2 boomerangs
 v - 25 poisoned darts
Armour
 c - a +0 buckler (worn)
 n - a +2 hat (worn)
 o - the +0 pair of boots of Resilience (worn) {+Blink Str+2 Dex+7}
   (You acquired it on level 3 of the Dungeon)

   Str:       It affects your strength (+2).
   Dex:       It affects your dexterity (+7).
   +Blink:    It lets you blink.
 C - the +1 cloak "Yckau" (worn) {+Blink rC+ Regen+}
   (You acquired it on level 10 of the Dungeon)

   rC:        It protects you from cold.
   +Blink:    It lets you blink.
   Regen:     It increases your rate of health regeneration.
 D - a +0 plate armour (worn)
Jewellery
 w - a +4 ring of protection (left hand)
Wands
 d - a wand of paralysis (17)
 q - a wand of polymorph (17)
 s - a wand of flame (8) (quivered)
 z - a wand of mindburst (9)
 A - a wand of roots (17)
Scrolls
 k - 2 scrolls of teleportation
 m - 2 scrolls of immolation
 p - a scroll of fear
 u - a scroll of magic mapping
 F - a scroll of amnesia
Potions
 a - 2 potions of attraction {unknown}
 e - a potion of haste
 f - 2 potions of lignification
 h - a potion of brilliance
 j - 8 potions of curing
 l - a potion of magic
 r - a potion of ambrosia {unknown}
 x - a potion of resistance
 B - 3 potions of flight
 E - 3 potions of berserk rage


   Skills:
 + Level 10.1 Fighting
 * Level 13.4 Axes
 + Level 6.3 Throwing
 + Level 10.1 Armour
 + Level 9.9 Shields
 + Level 3.0 Invocations


You had 10 spell levels left.
You didn't know any spells.
Your spell library contained the following spells:

 Spells                   Type           Power      Damage    Failure   Level
 Apportation              Tloc           0%         N/A       99%         1
 Necrotise                Necr           0%         1d4       99%         1
 Ensorcelled Hibernation  Hex/Ice        0%         N/A       100%        2
 Spider Form              Tmut/Pois      0%         N/A       100%        3
 Anguish                  Hex/Necr       0%         N/A       100%        4
 Passage of Golubria      Tloc           0%         N/A       100%        4
 Silence                  Hex/Air        0%         N/A       100%        5
 Lehudib's Crystal Spear  Conj/Erth      0%         10d2      100%        8
 Summon Small Mammal      Summ           Unusable   N/A       N/A         1

Dungeon Overview and Level Annotations

Branches:
Dungeon (11/15)            Temple (0/1) D:5            Lair (0/5) D:10
    Orc (0/2) D:10

Altars:
Dithmenos
Elyvilon
Gozag
Hepliaklqana
Kikubaaqudgha
Okawaru
Qazlal
Ru
Sif Muna
Trog
Xom
Yredelemnul

Shops:
D:2 ?   D:11 ?

Annotations:
D:3 2 transporters


Innate Abilities, Weirdness & Mutations

You have a pair of horns on your head.
You reflexively headbutt those who attack you in melee.


Message History

Grum is lightly wounded.
You hit the boulder beetle but do no damage.
Grum hits you with a -2 glaive. The boulder beetle bites you!
You slash Grum!
Grum is heavily wounded.
You hit the boulder beetle. You block Grum's attack.
The boulder beetle closely misses you.
Unknown command.
You slash Grum!
Grum is almost dead.
You hit the boulder beetle but do no damage.
Grum hits you but does no damage. The boulder beetle bites you.
You hit Grum.
Grum is almost dead.
You barely miss the boulder beetle. You block Grum's attack.
The boulder beetle completely misses you.
Unknown command.
You hit Grum but do no damage.
Grum is almost dead.
You hit the boulder beetle but do no damage.
Grum barely misses you. You furiously retaliate!
You headbutt Grum.
You kill Grum!
Okawaru accepts your kill.
The boulder beetle leaps!
The boulder beetle curls into a ball and begins rolling!
Things that are here:
a -2 glaive; a +0 animal skin The boulder beetle hits you!!!
* * * LOW HITPOINT WARNING * * *
The boulder beetle stops rolling and uncurls.
You hit the boulder beetle but do no damage.
Your headbutt misses the boulder beetle.
The boulder beetle is lightly wounded.
The boulder beetle bites you!
* * * LOW HITPOINT WARNING * * *
Unknown command.
You feel better. You block the boulder beetle's attack.
As you read the scroll of teleportation, it crumbles to dust.
You feel strangely unstable. The boulder beetle bites you!!
You die...

####..........#'###.#####'###....
#..........#...#.#.......#....
#..........'...#.#.......#....
#..........#...#.'.......#....
#..........#...#.#.......#....
#.......>..#...#.#.......#....
#..........#####.'.......#....
............).†...###'#####....
....#######....@B...............
.... #.!...................
#..########........... ###
#####....... ########


You could see a boulder beetle.

Vanquished Creatures
  An ice dragon (D:11)
  2 two-headed ogres
  A cyclops (D:10)
  Joseph (D:7)
  A gargoyle (D:11)
  Maggie (D:9)
  3 rime drakes (D:11)
  A troll (D:11)
  Prince Ribbit (D:5)
  A polar bear (D:11)
  Grinder (D:3)
  2 centaur simulacra (D:11)
  2 shadows
  A wraith (D:10)
  3 wyverns
  13 yaks
  Grum (D:11)
  A steam dragon (D:6)
  Menkaure (D:5)
  An acid dragon (D:10)
  A water moccasin (D:6)
  4 ice beasts
  6 orc warriors
  A black bear (D:5)
  3 ogres
  3 wolves (D:11)
  3 centaurs
  A kobold brigand (D:7)
  A phantom (D:4)
  2 bullfrogs
  A gnoll sergeant (D:11)
  2 scorpions (D:6)
  15 wights
  7 killer bees (D:9)
  2 howler monkeys
  4 jellies
  8 orc priests
  A hound (D:7)
  2 gnoll boudas
  An iguana (D:4)
  11 orc wizards
  11 gnolls
  7 adders
  3 shadow imps
  3 white imps
  2 ufetubi
  A worm (D:4)
  A dart slug (D:3)
  33 orcs
  10 ball pythons
  5 bats
  5 endoplasms
  8 giant cockroaches
  9 goblins
  6 hobgoblins
  12 kobolds
  4 quokkas
  8 frilled lizards
  6 rats
252 creatures vanquished.

Vanquished Creatures (others)
  9 fungi (D:1)
  9 plants
18 creatures vanquished.

Grand Total: 270 creatures vanquished

Notes
Turn   | Place    | Note
-------+----------+-------------------------------------------
     0 | D:1      | bmack86 the Minotaur Fighter began the quest for the Orb.
     0 | D:1      | Reached XP level 1. HP: 19/19 MP: 0/0
   234 | D:1      | Reached XP level 2. HP: 27/27 MP: 1/1
   335 | D:1      | Reached skill level 3 in Axes
   642 | D:1      | Reached XP level 3. HP: 33/33 MP: 2/2
   848 | D:1      | Found a faded altar of an unknown god.
  1248 | D:2      | Found Seuseagikh's Magic Scroll Shoppe.
  1260 | D:2      | Bought a scroll of identify for 28 gold pieces
  1260 | D:2      | Bought a scroll of teleportation for 42 gold pieces
  1773 | D:3      | Identified 4 scrolls of acquirement
  1776 | D:3      | Acquired a +1 hat
  1782 | D:3      | Acquired the +0 pair of boots of Resilience {+Blink Str+2
                  | Dex+7}
  1905 | D:3      | Reached XP level 4. HP: 40/40 MP: 3/3
  2042 | D:3      | Found a transporter.
  2107 | D:3      | Found a transporter.
  2286 | D:3      | Noticed Grinder
  2300 | D:3      | Killed Grinder
  2301 | D:3      | Reached skill level 5 in Axes
  2301 | D:3      | Reached XP level 5. HP: 22/47 MP: 4/4
  2301 | D:3      | Reached XP level 6. HP: 26/55 MP: 5/5
  3018 | D:4      | Reached skill level 5 in Fighting
  3018 | D:4      | Reached skill level 5 in Armour
  3018 | D:4      | Reached skill level 5 in Shields
  3182 | D:4      | Reached skill level 6 in Axes
  3252 | D:4      | Reached XP level 7. HP: 61/61 MP: 6/6
  3439 | D:5      | Entered Level 5 of the Dungeon
  3518 | D:5      | Noticed a wyvern
  3522 | D:5      | Killed a wyvern
  3684 | D:5      | Reached skill level 7 in Axes
  4294 | D:5      | Found a shimmering altar of Xom.
  4313 | D:5      | Found a basalt altar of Yredelemnul.
  4320 | D:5      | Reached XP level 8. HP: 54/70 MP: 7/7
  4472 | D:5      | Noticed Prince Ribbit
  4490 | D:5      | Killed Prince Ribbit
  4696 | D:5      | Found a staircase to the Ecumenical Temple.
  4724 | D:5      | Found an ancient bone altar of Kikubaaqudgha.
  4763 | D:5      | Reached skill level 8 in Axes
  4791 | D:5      | Noticed Menkaure
  4807 | D:5      | Killed Menkaure
  5184 | D:5      | Reached skill level 1 in Throwing
  5755 | D:6      | Reached skill level 9 in Axes
  5767 | D:6      | Reached XP level 9. HP: 50/79 MP: 8/8
  7134 | D:7      | Noticed Joseph
  7165 | D:7      | Killed Joseph
  7166 | D:7      | Reached skill level 10 in Axes
  7682 | D:7      | Found a shadowy altar of Dithmenos.
  8144 | D:7      | Identified the +1 dagger "Tesoudurgh" {flame, rElec rPois
                  | Will+++ Str-5}
  8246 | D:8      | Found a shimmering blue altar of Sif Muna.
  8421 | D:8      | Reached XP level 10. HP: 44/88 MP: 9/9
  8724 | D:8      | Reached skill level 11 in Axes
  8779 | D:8      | Found a stormy altar of Qazlal.
  8864 | D:8      | Found a hazy altar of Hepliaklqana.
  9347 | D:8      | Identified the +1 leather armour of Xullow Icwe {Will++}
  9437 | D:8      | Noticed a boulder beetle
 10103 | D:9      | Noticed Maggie
 10117 | D:9      | Killed Maggie
 10236 | D:9      | Identified the +1 leather armour of Amunefisi {Int+4}
 10383 | D:9      | Found a white marble altar of Elyvilon.
 10869 | D:9      | Noticed a two-headed ogre
 10876 | D:9      | Killed a two-headed ogre
 10877 | D:9      | Reached skill level 12 in Axes
 10877 | D:9      | Reached skill level 5 in Throwing
 11088 | D:10     | Entered Level 10 of the Dungeon
 11230 | D:10     | Found an opulent altar of Gozag.
 11249 | D:10     | Found an iron altar of Okawaru.
 11252 | D:10     | Found a sacrificial altar of Ru.
 11253 | D:10     | Found a bloodstained altar of Trog.
 11261 | D:10     | Became a worshipper of Warmaster Okawaru
 11262 | D:10     | Acquired the +1 cloak "Yckau" {+Blink rC+ Regen+}
 11273 | D:10     | Acquired the +1 broad axe "Deihoan" {pain, rN+ Int+2}
 11322 | D:10     | Found a staircase to the Lair.
 11347 | D:10     | Found a staircase to the Orcish Mines.
 11414 | D:10     | Noticed a cyclops
 11425 | D:10     | Killed a cyclops
 11426 | D:10     | Reached XP level 11. HP: 88/97 MP: 10/10
 11834 | D:10     | Reached skill level 1 in Invocations
 11923 | D:10     | Identified the +9 sling of Inquiry {speed, rCorr}
 12037 | D:11     | Reached * piety under Okawaru
 12047 | D:11     | Noticed an ice dragon
 12065 | D:11     | Killed an ice dragon
 12065 | D:11     | Reached ** piety under Okawaru
 12070 | D:11     | Reached skill level 13 in Axes
 12184 | D:11     | Noticed Grum
 12184 | D:11     | Noticed a boulder beetle
 12486 | D:11     | Found Zailiq's Magic Scroll Boutique.
 12500 | D:11     | Bought a scroll of identify for 28 gold pieces
 12500 | D:11     | Bought a scroll of identify for 28 gold pieces
 12500 | D:11     | Bought a scroll of enchant armour for 105 gold pieces
 12639 | D:11     | Noticed a two-headed ogre
 12649 | D:11     | Reached skill level 10 in Armour
 12651 | D:11     | Reached skill level 10 in Fighting
 12655 | D:11     | Killed a two-headed ogre
 12655 | D:11     | Reached *** piety under Okawaru
 12746 | D:11     | Killed Grum
 12751 | D:11     | HP: 1/99 [boulder beetle (17)]
 12753 | D:11     | Mangled by a boulder beetle

Illustrated notes

Levels and vault maps discovered:
D:1:      wander_arrival_lonely_grave, layout_basic,
          shapermc_ecumenical_altar_hornbeckon, minmay_small_reverse_x
D:2:      layout_rooms, serial_shops, nicolae_shop_advertising_works
          [nicolae_subvault_shop_adworks]
D:3:      layout_basic, gammafunk_ghost_gnarly_gnolls, uniq_grinder
D:4:      layout_loops_ring, serial_bayou_pond_b, grunt_decor_mini_mirrors,
          kennysheep_big_empty_room
D:5:      kennysheep_six_static_rooms, layout_basic, kiku_gazebo_garden_becter,
          mainiacjoe_overflow_catwalk_spiral, temple_pool_b,
          uniq_prince_ribbit1, uniq_menkaure
D:6:      layout_basic
D:7:      layout_basic, nicolae_dithmenos_shadow_blocks, uniq_joseph
D:8:      layout_basic, nicolae_qazlal_general_emergency, lemuel_doored_altar,
          nicolae_sif_muna_little_library, nicolae_figureground_pulse
D:9:      layout_loops_corners, kennysheep_mini_moat, uniq_maggie
D:10:     layout_cave_pools, mainiacjoe_overflow_alcove_3, lair_entry_dummy,
          erik_orc_3, kennysheep_minor_cross, item_on_display_a
D:11:     minmay_coctagon, layout_irregular_city, serial_shops,
          nicolae_shop_statue_plus, uniq_grum

Skill      XL: |  1  2  3  4  5  6  7  8  9 10 11 |
---------------+----------------------------------+-----
Axes           | 3 5 6 7 9 10 12 13 | 13.4
Armour         | 4 5 6 7 8 9 10 | 10.1
Fighting       | 4 5 6 7 8 9 10 | 10.1
Shields        | 4 5 6 7 8 9 |  9.9
Throwing       | 2 4 5 6 |  6.3
Invocations    | 3 |  3.0

Action                   |  1- 3 |  4- 6 |  7- 9 | 10-12 || total
-------------------------+-------+-------+-------+-------++-------
Melee: War axe           |   105 |    63 |   275 |   123 ||   566
       Headbutt          |    16 |    10 |    54 |    72 ||   152
       Broad axe         |       |       |       |   139 ||   139
Throw: Dart              |       |       |     2 |       ||     2
Invok: Heroism           |       |       |       |     2 ||     2
Evoke: Wand              |       |     1 |    16 |    19 ||    36
  Use: Scroll            |     3 |       |     7 |    15 ||    25
       Potion            |       |     1 |     1 |     2 ||     4
Armor: Scale mail        |     8 |       |    52 |    27 ||    87
       Chain mail        |    63 |    31 |    65 |       ||   159
       Plate armour      |       |       |       |   163 ||   163
Dodge: Dodged            |    49 |    13 |    71 |    98 ||   231
Block: Buckler           |    33 |    16 |    80 |   136 ||   265
